 Dungeon Crawl Stone Soup version 0.31-a0-986-g5e6e4ef867 (webtiles) character file.

Game seed: 10771443605220894484

16 avis the Caller (level 2, 11/11 HPs)
             Began as a Felid Summoner on Nov 13, 2023.
             Got out of the dungeon alive.
             The game lasted 00:06:06 (531 turns).

avis the Caller (Felid Summoner)                     Turns: 531, Time: 00:06:06

Health: 11/11      AC:  1    Str:  4    XL:     2   Next: 41%
Magic:  6/6        EV: 17    Int: 16    God:
Gold:   42         SH:  0    Dex: 16    Spells: 3/6 levels left
                                        Lives:  0   Deaths: 1

rFire   . . .        (weapon unavailable)
rCold   . . .        (shield unavailable)
rNeg    . . .        (body armour unavailable)
rPois   .            (helmet unavailable)
rElec   .            (cloak unavailable)
rCorr   .            (gloves unavailable)
SInv    +            (boots unavailable)
Will    .....        (no amulet)
Stlth   ++           (no ring)
HPRegen 0.21/turn    (no ring)
MPRegen 0.10/turn

%: no passive effects
@: quick
A: very small, claws 1, fangs 3, see invisible, speed 1, shaggy fur 1, stealthy
paws, no weapons or thrown items, no armour, multi-lived
a: no special abilities


You escaped.
You visited 1 branch of the dungeon, and saw 1 of its levels.

You collected 42 gold pieces.

Inventory:

Scrolls
 d - a scroll of teleportation {unknown}
Potions
 a - a potion of magic
 b - a potion of degeneration {unknown}
 c - a potion of mutation {unknown}


   Skills:
 - Level 2.6 Dodging
 - Level 2.6 Stealth
 * Level 2.6 Spellcasting
 + Level 4.2 Summonings


You had 3 spell levels left.
You knew the following spells:

 Your Spells              Type           Power      Damage    Failure   Level
a - Summon Small Mammal   Summ           60%        N/A       3%          1
b - Call Imp              Summ           30%        N/A       5%          2

Your spell library contained the following spells:

 Spells                   Type           Power      Damage    Failure   Level
 Call Canine Familiar     Summ           15%        N/A       11%         3
 Summon Guardian Golem    Hex/Summ       8%         N/A       24%         3
 Summon Lightning Spire   Summ/Air       8%         N/A       63%         4


Dungeon Overview and Level Annotations

Branches:
Dungeon (1/15)

Altars:


Innate Abilities, Weirdness & Mutations

You have sharp claws.
You have razor-sharp teeth.
You have supernaturally acute eyesight. (SInv)
You cover ground quickly. (Speed+)
You are covered in fur. (AC +1)
Your paws help you pounce on unaware monsters.
You are incapable of wielding weapons or throwing items.
You cannot wear armour.
You gain extra lives every three experience levels.


Message History

The jackal is heavily wounded.
The jackal bites you.
Your cerulean imp closely misses the gnoll.
You miss the jackal. Your bite misses the jackal.
The jackal is heavily wounded.
The jackal barely misses you.
Your quokka barely misses the jackal.
You completely miss the jackal.
Your cerulean imp closely misses the jackal.
Your quokka bites the jackal.
You closely miss the jackal. The jackal closely misses you.
Your quokka barely misses the jackal.
Your cerulean imp closely misses the jackal.
The jackal misses you.
Casting: Summon Small Mammal (safe; 3% risk of failure)
Confirm with . or Enter, or press ? or * to list all spells.
The jackal misses you. The jackal barely misses you.
Your quokka bites the jackal.
The jackal dies!
The jackal misses you.
You scratch the jackal.
You kill the jackal!
The jackal misses you. The jackal closely misses you. x2
The jackal bites you.
Your rat bites the gnoll.
You barely miss the jackal.
Your quokka disappears in a puff of smoke!
The jackal barely misses you. The jackal misses you.
The gnoll completely misses you.
Your rat bites the gnoll.
The jackal bites you. The jackal attacks as it pursues you!
The jackal bites you.
* * * LOW HITPOINT WARNING * * *
The gnoll hits you with a +0 club!
Ouch! That really hurt!
You die...
Your rat closely misses the gnoll.
You rejoin the land of the living...
You open the door.
There is an open door here.
You see here a +0 robe.
There is a staircase leading out of the dungeon here.
You have escaped!

##...###'####...............# #
##.........##....##.........# #
##.....[...##....##.........#####
#####....................#####...
#####.......##+###'###########.##
#......#.##.#≈.≈≈§§≈#.......##.#
#.####.#.##.#≈§.≈§≈§#.#####.##.#
#.#.........#≈≈..§≈≈#.# #.##.#
#.#.##........≈.@.≈...# #....#
#.#.##......#≈≈...≈≈#.# #.##.#
..#.##......#≈≈.≈[§≈#.# #.##.#
###.##......#≈.≈≈≈.≈#.# #.##.#
.....#......##+###'##.#####.##.#
.##..#.......#.....#........##.#
.#...#.......#.###.#.#########.#
.#..##.####........#........ #..
..........#.................


There were no monsters in sight!

Vanquished Creatures
  A jackal (D:1)
  A rat (D:1)
2 creatures vanquished.

Vanquished Creatures (collateral kills)
  An endoplasm (D:1)
  4 hobgoblins (D:1)
  A jackal (D:1)
  A kobold (D:1)
  2 quokkas (D:1)
  3 rats (D:1)
12 creatures vanquished.

Grand Total: 14 creatures vanquished

Notes
Turn   | Place    | Note
-------+----------+-------------------------------------------
     0 | D:1      | avis the Felid Summoner began the quest for the Orb.
     0 | D:1      | Reached XP level 1. HP: 7/7 MP: 4/4
   176 | D:1      | Reached XP level 2. HP: 11/11 MP: 3/6
   491 | D:1      | Learned a level 2 spell: Call Imp
   512 | D:1      | Mangled by a gnoll
   531 | D:$      | Got out of the dungeon alive.

Illustrated notes

Levels and vault maps discovered:
D:1:      ncdulo_lavacross, layout_basic

Action                     || total
---------------------------++-------
  Melee: Unarmed           ||     7
   Cast: Summon Small Mamm ||    23
         Call Imp          ||     1
   Stab: Sleeping          ||     1
 Armour: Skin              ||     8
  Dodge: Dodged            ||    19

Table legend: (Time is in decaauts)
 A = Elapsed time spent in this place.
 B = Non-inter-level travel time spent in this place.
 C = Inter-level travel time spent in this place.
 D = Time resting spent in this place.
 E = Time spent auto-exploring this place.
 F = Levels seen in this place.
 G = Mean time per level.
                   A        B        C        D        E       F      G
               +--------+--------+--------+--------+--------+-----+--------+
         Total |    456 |    448 |      8 |     54 |    193 |   1 |  456.0 |
       Dungeon |    456 |    448 |      8 |     54 |    193 |   1 |  456.0 |
               +--------+--------+--------+--------+--------+-----+--------+

Top non-repeatable levels by time:
     D:1: 456 daAuts
